 Dungeon Crawl Stone Soup version 0.31-a0-1074-g0b22e4e0f1 (webtiles) character file.

Game seed: 16798314340713777863

5535 BigPumpCobain the Grappler (level 10, -3/171 HPs)
             Began as a Troll Shapeshifter on Dec 5, 2023.
             Was an Elder of Wu Jian.
             Slain by an angel
             ... wielding a +2 whip of holy wrath
              (6 damage)
             ... on level 1 of the Abyss.
             The game lasted 00:14:29 (6383 turns).

BigPumpCobain the Grappler (Troll Shapeshifter)     Turns: 6383, Time: 00:14:32

Health: -3/171     AC: 29    Str: 27    XL:     10   Next: 43%
Magic:  9/9        EV:  1    Int:  5    God:    Wu Jian [****..]
Gold:   357        SH:  0    Dex: 13    Spells: 9/9 levels left

rFire   . .          .
                       - Unarmed
rCold   . . .        (no shield)
rNeg    . . .        F - melded +0 swamp dragon scales
rPois   +            (helmet currently unavailable)
rElec   .            (cloak currently unavailable)
rCorr   .            (gloves unavailable)
SInv    .            (boots unavailable)
Will    .....        (no amulet)
Stlth   +            A - ring of poison resistance
HPRegen 1.28/turn    E - +4 ring of protection
MPRegen 0.11/turn

%: no passive effects
@: tree-form, glowing, serpent's lash
A: stationary, stasis, torment immunity, boosted hp, large, unfitting armour,
(claws 3), regeneration 1, (shaggy fur 1), (tough skin 1), agile 1, robust 1, no
potion heal 1
a: Renounce Religion, Wall Jump, Serpent's Lash


You were on level 1 of the Abyss.
You worshipped Wu Jian.
Wu Jian was greatly pleased with you.
You were a tree.
You visited 1 branch of the dungeon, and saw 9 of its levels.
You visited the Abyss 1 time.

You collected 357 gold pieces.

Inventory:

Hand Weapons
 B - a +5 flail
 C - a +2 short sword of venom
Armour
 a - a +0 animal skin
 F - +0 swamp dragon scales (melded)
Jewellery
 m - a ring of fire
 A - a ring of poison resistance (left branch)
 E - a +4 ring of protection (right branch)
Talismans
 c - a beast talisman
 d - a flux talisman
 n - a blade talisman
Wands
 r - a wand of mindburst (15)
 w - a wand of flame (14)
Scrolls
 e - 4 scrolls of teleportation
 h - 2 scrolls of revelation
 j - a scroll of poison
 o - 2 scrolls of amnesia
 q - a scroll of fog {unknown}
 t - 2 scrolls of torment
 u - a scroll of identify
 x - 2 scrolls of blinking
 y - a scroll of immolation {unknown}
 D - a scroll of brand weapon {unknown}
 G - 3 scrolls of fear {unknown}
Potions
 f - a potion of might {unknown}
 g - a potion of resistance {unknown}
 i - a potion of mutation
 k - a potion of heal wounds {unknown}
 l - a potion of attraction {unknown}
 p - a potion of curing {unknown}
 s - a potion of berserk rage {unknown}
 v - a potion of haste {unknown}
 z - a potion of invisibility {unknown}


   Skills:
 + Level 8.0 Fighting
 + Level 2.3 Dodging
 + Level 10.0 Unarmed Combat
 + Level 7.8 Shapeshifting


You had 9 spell levels left.
You didn't know any spells.
Your spell library contained the following spells:

 Spells                   Type           Power      Damage    Failure   Level
 Sublimation of Blood     Necr           0%         N/A       63%         2
 Wereblood                Tmut           0%         N/A       63%         2
 Summon Hydra             Summ           0%         N/A       100%        7


Dungeon Overview and Level Annotations

Branches:
Dungeon (9/15)               Lair (0/5) D:9
 Temple: D:4-7          Orc: D:9-12

Altars:
Hepliaklqana
Makhleb
Trog
Wu Jian
The Shining One

Shops:
D:9 [(=

Annotations:
D:9 2 transporters, whatisthis's ghost, journeyman MfIE


Innate Abilities, Weirdness & Mutations

You are a tree.
Your roots penetrate the ground, keeping you stationary.
You cannot be teleported.
You are immune to unholy pain and torment.
Your maximum health is greatly increased.
Your equipment is partially melded.
You are too large for most types of armour.
((You have claws for hands.))
Your natural rate of healing is unusually fast.
((You are covered in fur. (AC +1)))
((You have tough skin. (AC +1)))
You are agile. (Dex +4, Str/Int -1)
You are robust. (+10% HP)
Potions are less effective at restoring your health.


Message History

The sixfirhy hits you. The sixfirhy shocks you!
The sixfirhy hits you but does no damage.
You closely miss the sixfirhy. Your claw misses the sixfirhy.
The sixfirhy hits you! The sixfirhy shocks you!
An angel comes into view. It is wielding a +2 whip of holy wrath.
You closely miss the sixfirhy.
The angel shouts!
The angel hits you but does no damage.
The angel hits you with a +2 whip of holy wrath.
The angel attacks as it pursues you!
The angel hits you with a +2 whip of holy wrath!
The angel hits you with a +2 whip of holy wrath.
The sixfirhy hits you. The sixfirhy shocks you!
The angel hits you with a +2 whip of holy wrath!!
* * * LOW HITPOINT WARNING * * *
The angel hits you with a +2 whip of holy wrath!
* * * LOW HITPOINT WARNING * * *
There is nothing to wall jump against here.
Your muscles tense, ready for explosive movement...
You scratch the angel but do no damage. The sixfirhy hits you.
* * * LOW HITPOINT WARNING * * *
The sixfirhy shocks you!
* * * LOW HITPOINT WARNING * * *
The sixfirhy barely misses you. The sixfirhy closely misses you.
The angel barely misses you. The angel hits you but does no damage.
Unknown command.
Your transformation has ended.
You turn into a tree.
Your +0 swamp dragon scales melds into your body.
Your roots penetrate the ground.
The angel hits you with a +2 whip of holy wrath.
* * * LOW HITPOINT WARNING * * *
The angel hits you but does no damage.
It was a potion of mutation.
You feel extremely strange.
You feel agile.
Your system partially rejects the healing effects of potions.
You feel robust. The angel hits you but does no damage.
The angel hits you with a +2 whip of holy wrath.
You die...

## ###.#
#.### ##..#
....###A..#
#.#♣#.3#
#..#3.#..
###..#.##
.. ...##.#
.# ##..#
#.# # #...
#.. ..#.#
.# .#.#
.#.#


You could see an angel and a sixfirhy.

Vanquished Creatures
  A green death (Abyss:1)
  A two-headed ogre (D:9)
  Maggie (D:8)
  A troll (D:9)
  A shadow (D:8)
  A wyvern (D:9)
  A steam dragon (D:8)
  Menkaure (D:5)
  2 water moccasins
  An acid dragon (D:9)
  Duvessa (D:5)
  2 orc warriors (D:9)
  A sky beast (D:7)
  A black bear (D:4)
  An ogre (D:4)
  A centaur (D:8)
  A wolf (D:9)
  3 kobold brigands
  A phantom (D:4)
  The ghost of Jeffwins the Stinger, an amateur VSVM (D:3)
  4 bullfrogs
  3 scorpions
  4 wights (D:7)
  Dowan (D:5)
  4 killer bees (D:9)
  3 electric eels (D:9)
  3 howler monkeys (D:9)
  4 hounds (D:9)
  7 orc priests
  Ijyb (D:4)
  Jessica (D:3)
  4 iguanas
  6 orc wizards
  3 gnolls (D:3)
  5 adders
  A white imp (D:5)
  2 worms
  2 dart slugs
  18 orcs
  5 endoplasms
  2 giant cockroaches
  5 hobgoblins
  4 jackals (D:2)
  5 quokkas
  A ball python (D:4)
  A bat (D:3)
  5 frilled lizards
  8 goblins
  19 kobolds
  4 rats
159 creatures vanquished.

Vanquished Creatures (others)
  An orc wizard (D:9)
  An orc (D:9)
  A bat (D:3)
3 creatures vanquished.

Grand Total: 162 creatures vanquished

Notes
Turn   | Place    | Note
-------+----------+-------------------------------------------
     0 | D:1      | BigPumpCobain the Troll Shapeshifter began the quest for
                  | the Orb.
     0 | D:1      | Reached XP level 1. HP: 18/18 MP: 0/0
   190 | D:1      | Reached skill level 1 in Fighting
   368 | D:1      | Reached XP level 2. HP: 24/27 MP: 1/1
  1088 | D:2      | Reached XP level 3. HP: 35/35 MP: 2/2
  1108 | D:2      | Found a faded altar of an unknown god.
  1273 | D:2      | Prayed at the altar of an unknown god.
  1273 | D:2      | Became a worshipper of the Wu Jian Council
  1273 | D:2      | Reached * piety under Wu Jian
  1348 | D:3      | Reached skill level 4 in Unarmed Combat
  1348 | D:3      | Reached XP level 4. HP: 41/42 MP: 3/3
  1778 | D:3      | Noticed Jeffwins's ghost (amateur VSVM)
  1779 | D:3      | Found a runed translucent door.
  1796 | D:3      | Killed Jeffwins's ghost
  1797 | D:3      | Reached XP level 5. HP: 49/53 MP: 4/4
  1844 | D:3      | Noticed Jessica
  1848 | D:3      | Killed Jessica
  2351 | D:4      | Found a glowing drain.
  2465 | D:4      | Found a burning altar of Makhleb.
  2465 | D:4      | Noticed a phantom
  2470 | D:4      | Killed a phantom
  2471 | D:4      | Reached skill level 5 in Unarmed Combat
  2471 | D:4      | Reached XP level 6. HP: 56/61 MP: 5/5
  2511 | D:4      | Found a hazy altar of Hepliaklqana.
  2511 | D:4      | Noticed Ijyb
  2514 | D:4      | Killed Ijyb
  2632 | D:4      | Reached ** piety under Wu Jian
  3254 | D:4      | Reached skill level 6 in Unarmed Combat
  3254 | D:4      | Reached XP level 7. HP: 68/71 MP: 6/6
  3585 | D:5      | Entered Level 5 of the Dungeon
  3621 | D:5      | Noticed Menkaure
  3624 | D:5      | Killed Menkaure
  3642 | D:5      | Noticed Dowan
  3642 | D:5      | Noticed Duvessa
  3659 | D:5      | Killed Duvessa
  3663 | D:5      | Killed Dowan
  3731 | D:5      | Reached skill level 5 in Fighting
  4277 | D:6      | You fall into a shaft and drop 2 floors!
  4284 | D:8      | Noticed a steam dragon
  4311 | D:7      | Reached XP level 8. HP: 78/80 MP: 7/7
  4330 | D:7      | Reached skill level 7 in Unarmed Combat
  4577 | D:7      | Reached skill level 5 in Shapeshifting
  4596 | D:7      | Reached *** piety under Wu Jian
  4959 | D:8      | Reached skill level 8 in Unarmed Combat
  4959 | D:8      | Reached XP level 9. HP: 71/89 MP: 8/8
  4978 | D:8      | Noticed Maggie
  4991 | D:8      | Killed Maggie
  5498 | D:8      | Found a glowing golden altar of the Shining One.
  5667 | D:9      | Noticed a two-headed ogre
  5674 | D:9      | HP: 4/92 [two-headed ogre/+0 giant club (18)]
  5675 | D:9      | Killed a two-headed ogre
  5676 | D:9      | Reached skill level 9 in Unarmed Combat
  5787 | D:9      | Found a transporter.
  5787 | D:9      | Noticed a two-headed ogre
  5787 | D:9      | Noticed a two-headed ogre
  5788 | D:9      | Noticed a tengu warrior
  5789 | D:9      | Noticed a troll
  5790 | D:9      | Noticed a two-headed ogre
  5790 | D:9      | Noticed a moth of wrath
  5792 | D:9      | Noticed whatisthis's ghost (journeyman MfIE)
  5796 | D:9      | Found a bloodstained altar of Trog.
  5800 | D:9      | Found Wienteu's Antique Weapon Emporium.
  5828 | D:9      | Found a transporter.
  5854 | D:9      | Found Fydghos's Jewellery Shop.
  5908 | D:9      | Found Kabu's Armour Shoppe.
  5919 | D:9      | Found a staircase to the Lair.
  5934 | D:9      | Reached **** piety under Wu Jian
  5942 | D:9      | Reached XP level 10. HP: 31/102 MP: 9/9
  6252 | Abyss:1  | Cast into level 1 of the Abyss (orc wizard)
  6274 | Abyss:1  | Noticed a green death
  6288 | Abyss:1  | Killed a green death
  6289 | Abyss:1  | Reached skill level 10 in Unarmed Combat
  6375 | Abyss:1  | Noticed a sixfirhy
  6377 | Abyss:1  | Noticed an angel
  6381 | Abyss:1  | HP: 2/104 [sixfirhy (10)]
  6383 | Abyss:1  | Gained mutation: You are agile. (Dex +4, Str/Int -1)
                  | [potion of mutation]
  6383 | Abyss:1  | Gained mutation: Potions are less effective at restoring
                  | your health. [potion of mutation]
  6383 | Abyss:1  | Gained mutation: You are robust. (+10% HP) [potion of
                  | mutation]
  6383 | Abyss:1  | Slain by an angel

Illustrated notes

Levels and vault maps discovered:
D:1:      dpeg_arrival_rooms_b, layout_basic, serial_corexii_hall,
          chequers_hall_statues_corner_a, corexii_hall_statues_l,
          minmay_pentomino_v4
D:2:      layout_basic, dreamdust_ecumenical_altar_statues
D:3:      layout_loops_corners, gammafunk_ghost_grave, minivault_5,
          lemuel_flame_loot_1, uniq_jessica
D:4:      layout_basic, mainiacjoe_overflow_two_lobes, serial_rivers,
          chequers_serial_rivers_large_b, chequers_serial_rivers_micro_e,
          chequers_serial_rivers_micro_c, chequers_serial_rivers_small_3,
          chequers_serial_rivers_small_3, portal_sewer_entry_f, uniq_ijyb
D:5:      layout_gridville, uniq_menkaure, uniq_duvessa
D:6:      layout_loops_cross, elyvilon_altar_1, minmay_temple_entry_junction
D:7:      layout_basic
D:8:      layout_loops_ring, tso_altar, uniq_maggie
D:9:      layout_rooms, erik_lair_island, serial_shops,
          nicolae_shop_hallway_plus, shop, nicolae_shop_window_shopping,
          gammafunk_ghost_wrathful_warriors, nrook_pool_corridor
Abyss:1:  base: D:5, bh_silent_lugonu_exit

Skill      XL: |  1  2  3  4  5  6  7  8  9 10 |
---------------+-------------------------------+-----
Fighting       | 1 2 3 4 5 6 7 8 |  8.0
Unarmed Combat | 4 5 6 8 9 10 | 10.0
Shapeshifting  | 4 5 7 |  7.8
Dodging        | 2 |  2.3

Action                     |  1- 3 |  4- 6 |  7- 9 | 10-12 || total
---------------------------+-------+-------+-------+-------++-------
  Melee: Unarmed           |    51 |    81 |   181 |    71 ||   384
         Punch             |     1 |     1 |     6 |     2 ||    10
 Invoke: Serpent's Lash    |       |       |       |     1 ||     1
Ability: Lunge             |     2 |    12 |    29 |     1 ||    44
         Whirlwind         |       |     4 |    10 |    18 ||    32
         Wall Jump         |       |       |     1 |     1 ||     2
    Use: Scroll            |       |     3 |     4 |       ||     7
         Potion            |       |       |       |     2 ||     2
   Stab: Sleeping          |       |       |     1 |       ||     1
 Armour: Animal skin       |    22 |    29 |    58 |       ||   109
         Swamp dragon scal |       |       |    61 |    67 ||   128
         Skin              |       |       |       |     4 ||     4
  Dodge: Dodged            |    17 |    19 |    54 |    30 ||   120

Table legend: (Time is in decaauts)
 A = Elapsed time spent in this place.
 B = Non-inter-level travel time spent in this place.
 C = Inter-level travel time spent in this place.
 D = Time resting spent in this place.
 E = Time spent auto-exploring this place.
 F = Levels seen in this place.
 G = Mean time per level.
                   A        B        C        D        E       F      G
               +--------+--------+--------+--------+--------+-----+--------+
         Total |   6351 |   6158 |    193 |    290 |   4961 |  10 |  635.1 |
       Dungeon |   6222 |   6029 |    193 |    242 |   4915 |   9 |  691.3 |
         Abyss |    128 |    128 |      0 |     48 |     46 |   1 |  128.0 |
               +--------+--------+--------+--------+--------+-----+--------+

Top non-repeatable levels by time:
     D:4: 1255 daAuts
     D:3: 1015 daAuts
     D:8: 879 daAuts
     D:1: 750 daAuts
     D:5: 688 daAuts
     D:7: 571 daAuts
     D:2: 554 daAuts
     D:9: 506 daAuts
 Abyss:1: 128 daAuts
     D:6: 0 daAuts
